 Dungeon Crawl Stone Soup version 0.18.1-48-g4cf74bf (webtiles) character file.

537 ololoev the Conjurer (level 7, -2/36 HPs)
             Began as a Deep Elf Fire Elementalist on July 26, 2016.
             Slain by a sky beast (5 damage)
             ... on level 5 of the Dungeon.
             The game lasted 00:05:51 (762 turns).

ololoev the Conjurer (Deep Elf Fire Elementalist)    Turns: 762, Time: 00:05:52

Health: -2/36      AC:  3    Str:  5    XL:     7   Next: 5%
Magic:  3/17       EV: 13    Int: 22    God:
Gold:   77         SH:  0    Dex: 15    Spells: 4 memorised, 6 levels left

rFire  . . .     SeeInvis .     p - +2 long sword "Transmigrator" {flame, rN+++}
rCold  . . .     Gourm    .     a - +0 robe
rNeg   + + +     Faith    .     (no shield)
rPois  .         Spirit   .     f - +0 helmet
rElec  .         Dismiss  .     (no cloak)
rCorr  +         Reflect  .     (no gloves)
SustAt .         Harm     .     (no boots)
MR     .....                    (no amulet)
Stlth  ++........               (no ring)
                                g - ring of resist corrosion

@: not resistant to hostile enchantments, unstealthy
A: no striking features
a: no special abilities

Inventory:

Hand Weapons
 p - the +2 long sword "Transmigrator" (weapon) {flame, rN+++}
   (You found it on level 4 of the Dungeon)

   It has been specially enchanted to burn those struck by it, causing extra
   injury to most foes and up to half again as much damage against particularly
   susceptible opponents.
   Big, fiery blades are also staple armaments of hydra-hunters.
   It renders you almost immune to negative energy.
Armour
 a - a +0 robe (worn)
 d - a +0 buckler
 f - a +0 helmet (worn)
Jewellery
 g - a ring of resist corrosion (left hand)
Wands
 i - a wand of lightning (5/15)
Scrolls
 m - a scroll of enchant weapon {unknown}
 o - a scroll of blinking {unknown}
Potions
 e - a potion of heal wounds {unknown}
 h - a potion of flight
Books
 b - a book of Flames

   Spells                             Type                      Level
   a - Flame Tongue                   Conjuration/Fire             1
   b - Throw Flame                    Conjuration/Fire             2
   c - Conjure Flame                  Conjuration/Fire             3
   d - Inner Flame                    Hexes/Fire                   3
   e - Sticky Flame                   Conjuration/Fire             4
   f - Fireball                       Conjuration/Fire             5
Comestibles
 c - 2 bread rations
 j - 3 fruits
 n - 4 chunks of flesh


   Skills:
 - Level 2.4 Dodging
 - Level 2.4 Stealth
 + Level 5.6 Spellcasting
 * Level 5.9 Conjurations
 + Level 5.1 Fire Magic


You had 6 spell levels left.
You knew the following spells:

 Your Spells              Type           Power        Failure   Level  Hunger
a - Flame Tongue          Conj/Fire      ####.        1%          1    None
b - Conjure Flame         Conj/Fire      ####....     3%          3    ##.....
c - Sticky Flame          Conj/Fire      ####....     12%         4    ####...
e - Inner Flame           Hex/Fire       ###.....     12%         3    ##.....


You were on level 5 of the Dungeon.
You were not hungry.

You visited 1 branch of the dungeon, and saw 6 of its levels.

You collected 77 gold pieces.

.... #........ #........
#........ ........ ##.......
####################........
######Y...hrh.h.@................
......s###############..#........
...(Y.## #..#........ ......#
#..#........ ......#
###........... .?....#
###....###<....# .......
#..)##..########
###..##..#########..#....# ##.#
#S...........#....#

Notes
Turn   | Place    | Note
--------------------------------------------------------------
     0 | D:1      | ololoev the Deep Elf Fire Elementalist began the quest for the Orb.
     0 | D:1      | Reached XP level 1. HP: 10/10 MP: 6/6
    56 | D:1      | Reached XP level 2. HP: 7/15 MP: 0/8
   105 | D:2      | Found a stormy altar of Qazlal.
   232 | D:3      | Noticed Sigmund
   239 | D:3      | Killed Sigmund
   239 | D:3      | Reached XP level 3. HP: 11/19 MP: 7/10
   239 | D:3      | Reached XP level 4. HP: 14/24 MP: 8/12
   239 | D:3      | Reached XP level 5. HP: 17/28 MP: 8/13
   354 | D:3      | Found a basalt altar of Yredelemnul.
   376 | D:3      | Noticed Jessica
   379 | D:3      | Killed Jessica
   495 | D:3      | Found an opulent altar of Gozag.
   551 | D:4      | Noticed ololoev's ghost (weakling DEFE)
   557 | D:4      | Killed ololoev's ghost
   560 | D:4      | Reached XP level 6. HP: 22/32 MP: 6/15
   617 | D:4      | Got a brightly glowing long sword
   619 | D:4      | Identified the +2 long sword "Transmigrator" {flame, rN+++} (You found it on level 4 of the Dungeon)
   637 | D:5      | Entered Level 5 of the Dungeon
   653 | D:5      | Reached skill level 5 in Spellcasting
   653 | D:5      | Reached skill level 5 in Conjurations
   658 | D:5      | Learned a level 3 spell: Conjure Flame
   662 | D:5      | Learned a level 3 spell: Inner Flame
   667 | D:5      | Learned a level 4 spell: Sticky Flame
   690 | D:6      | Noticed an ice beast
   696 | D:5      | Killed an ice beast
   725 | D:5      | Noticed an ice beast
   733 | D:5      | Noticed an ice beast
   740 | D:5      | Noticed a sky beast
   740 | D:5      | Killed an ice beast
   740 | D:5      | Reached skill level 5 in Fire Magic
   740 | D:5      | Reached XP level 7. HP: 8/36 MP: 4/17
   762 | D:5      | Slain by a sky beast

Dungeon Overview and Level Annotations

Branches:
Dungeon (6/15)
 Temple: D:4-7

Altars:
Gozag
Qazlal
Yredelemnul


Message History

Confirm with . or Enter, or press ? or * to list all spells.
Aiming: Flame Tongue
Press: ? - help, Shift-Dir - straight line, f/p - ice beast
Aim: an ice beast (lightly wounded, inner flame)
The flame tongue hits the ice beast.
The ice beast melts!
The ice beast is severely wounded.
Casting: Flame Tongue
Confirm with . or Enter, or press ? or * to list all spells.
Aiming: Flame Tongue
Press: ? - help, Shift-Dir - straight line, f/p - ice beast
Aim: an ice beast (severely wounded, inner flame)
The flame tongue misses the ice beast.
The flame tongue hits the worker ant.
The worker ant is almost dead.
Casting: Flame Tongue
Confirm with . or Enter, or press ? or * to list all spells.
Aiming: Flame Tongue
Press: ? - help, Shift-Dir - straight line, f/p - ice beast
Aim: an ice beast (severely wounded, inner flame)
The flame tongue hits the ice beast.
The ice beast melts!
The ice beast is almost dead.
A sky beast comes into view.
Casting: Flame Tongue
Confirm with . or Enter, or press ? or * to list all spells.
Aiming: Flame Tongue
Press: ? - help, Shift-Dir - straight line, f/p - ice beast
Aim: an ice beast (almost dead, inner flame)
The flame tongue hits the ice beast.
The ice beast melts!
The ice beast explodes!
The fiery explosion engulfs the adder.
You kill the adder!
The fiery explosion engulfs the worker ant.
You kill the worker ant!
Your Fire Magic skill increases to level 5!
You have reached level 7!
Unknown command.
Casting: Flame Tongue
Confirm with . or Enter, or press ? or * to list all spells.
Aiming: Inner Flame
Press: ? - help, Shift-Dir - straight line, f - giant gecko
Aim: a giant gecko (clinging, chance to defeat MR: 92%)
The giant gecko is filled with an inner flame.
Casting: Inner Flame
Confirm with . or Enter, or press ? or * to list all spells.
Aiming: Flame Tongue
Press: ? - help, Shift-Dir - straight line, f/p - giant gecko
Aim: a giant gecko (clinging, inner flame)
The flame tongue hits the giant gecko.
The giant gecko explodes!
The fiery explosion engulfs the sky beast.
The sky beast is almost dead.
A jackal comes into view.
Really walk into that cloud of flame?
Okay, then.
A giant cockroach comes into view.
You see here 2 chunks of flesh.
n - 4 chunks of flesh (gained 2)
The sentinel's mark upon you fades away.
A jackal comes into view.
Evoke which item? (* to show all) (? for menu, Esc to quit)
Okay, then.
The jackal barks!
The jackal moves out of view.
You hit the jackal. You burn the jackal.
The jackal is heavily wounded.
The jackal bites you but does no damage.
The jackal closely misses you.
The sky beast flickers out of sight!
Deactivating autopickup; reactivate with Ctrl-A.
You hit the jackal. You burn the jackal.
You kill the jackal!
A hound comes into view.
A sky beast appears from thin air!
Reactivating autopickup.
A jackal comes into view.
The jackal moves out of view.
The sky beast flickers out of sight!
Deactivating autopickup; reactivate with Ctrl-A.
Something hits you. Something shocks you.
The jackal stops to sniff the ground. x2
Something hits you. Something shocks you.
You die...

You could see a hound, a quokka and 2 jackals.

Vanquished Creatures
  Sigmund (D:3)
  2 ice beasts (D:5)
  A jelly (D:5)
  A hound (D:4)
  Jessica (D:3)
  A worker ant (D:5)
  The ghost of ololoev the Firebug, a weakling DEFE (D:4)
  3 adders
  An ooze (D:1)
  A worm (D:3)
  A dart slug (D:2)
  3 giant geckos
  An orc (D:3)
  2 giant cockroaches
  5 goblins
  2 hobgoblins (D:3)
  A jackal (D:5)
  2 kobolds
  A quokka (D:4)
  2 giant newts
  A rat (D:3)
34 creatures vanquished.

Action                   |  1- 3 |  4- 6 |  7- 9 || total
-------------------------+-------+-------+-------++-------
Melee: Long sword        |       |     1 |     2 ||     3
 Cast: Flame Tongue      |    18 |    37 |     2 ||    57
       Inner Flame       |       |     1 |     1 ||     2
       Conjure Flame     |       |     1 |       ||     1
       Sticky Flame      |       |     1 |       ||     1
Evoke: Wand              |     1 |     1 |       ||     2
  Use: Scroll            |       |     4 |       ||     4
 Stab: Sleeping          |       |     1 |       ||     1
Armor: Robe              |       |     1 |     1 ||     2
Dodge: Dodged            |     3 |     7 |     1 ||    11

Vault maps used:
D:1:      dpeg_arrival_morbid_curiosity, item_on_display_a
D:2:      zin_academy, grunt_qazlal_clouds
D:3:      nicolae_overflow_hidden_temple, lemuel_doored_altar, first_bread,
          trog_eyes_of_draining, uniq_jessica, uniq_sigmund
D:4:      old_standard_altar
D:5:      lemuel_castle_with_subvaults, uniq_eustachio
D:6:      lemuel_coloured_pillars_altar, lemuel_round_altar, temple_statues
